 Dungeon Crawl Stone Soup version 0.30-a0-2-gf48d83f5e2 (webtiles) character file.

Game seed: 13886382503804220578

240 SensoryNuts the Chopper (level 5, -1/47 HPs)
             Began as a Minotaur Fighter on Aug 20, 2022.
             Slain by Grinder (7 damage)
             ... while paralysed by Grinder
             ... in a sewer.
             The game lasted 00:02:14 (2258 turns).

SensoryNuts the Chopper (Minotaur Fighter)          Turns: 2258, Time: 00:02:14

Health: -1/47      AC:  8    Str: 22    XL:     5   Next: 79%
Magic:  4/4        EV:  2    Int:  5    God:
Gold:   133        SH:  0    Dex: 10    Spells: 4/4 levels left

rFire   . . .      SeeInvis .    a - +0 war axe
rCold   . . .      Faith    .    h - +0 kite shield
rNeg    . . .      Spirit   .    b - +0 scale mail
rPois   .          Reflect  .    (helmet restricted)
rElec   .          Harm     .    g - +0 cloak
rCorr   .          Rampage  .    (no gloves)
Will    .....                    (no boots)
Stlth   ..........               (no amulet)
HPRegen 0.15/turn                f - +4 ring of slaying
MPRegen 0.09/turn                (no ring)

@: paralysed
A: horns 2, retaliatory headbutt
a: no special abilities


You were in a sewer.
You visited 1 branch of the dungeon, and saw 3 of its levels.
You also visited: Sewer.

You collected 133 gold pieces.

Inventory:

Hand Weapons
 a - a +0 war axe (weapon)
Armour
 b - a +0 scale mail (worn)
 c - a +0 buckler
 g - a +0 cloak (worn)
 h - a +0 kite shield (worn)
Jewellery
 f - a +4 ring of slaying (left hand)
Scrolls
 e - 2 scrolls of poison
 i - 2 scrolls of identify
 k - a scroll of vulnerability {unknown}
 n - 4 scrolls of fear {unknown}
 o - a scroll of amnesia {unknown}
 p - a scroll of teleportation {unknown}
 q - a scroll of enchant weapon {unknown}
Potions
 d - a potion of invisibility {unknown}
 j - a potion of attraction {unknown}
 l - a potion of mutation {unknown}
 m - a potion of heal wounds


   Skills:
 + Level 4.9 Fighting
 + Level 5.1 Axes
 + Level 4.6 Armour
 + Level 0.9 Dodging
 + Level 4.5 Shields


You had 4 spell levels left.
You didn't know any spells.
Your spell library contained the following spells:

 Spells                   Type           Power      Damage    Failure   Level
 Call Canine Familiar     Summ           0%         N/A       100%        3
 Portal Projectile        Hex/Tloc       0%         N/A       100%        3
 Leda's Liquefaction      Hex/Erth       0%         N/A       100%        4


Dungeon Overview and Level Annotations

Branches:
Dungeon (3/15)              Sewer (1/1)

Altars:

Annotations:
Sewer Grinder


Innate Abilities, Weirdness & Mutations

You have a pair of horns on your head.
You reflexively headbutt those who attack you in melee.


Message History

You are too injured to fight recklessly!
You are too injured to fight recklessly!
You are too injured to fight recklessly!
You are too injured to fight recklessly!
You are too injured to fight recklessly!
You are too injured to fight recklessly!
You are too injured to fight recklessly!
You are too injured to fight recklessly!
You are too injured to fight recklessly!
You are too injured to fight recklessly!
You are too injured to fight recklessly!
You are too injured to fight recklessly!
You are too injured to fight recklessly!
You are too injured to fight recklessly!
You are too injured to fight recklessly!
You are too injured to fight recklessly!
You are too injured to fight recklessly!
You are too injured to fight recklessly!
You are too injured to fight recklessly!
You are too injured to fight recklessly!
You are too injured to fight recklessly!
You are too injured to fight recklessly!
Unknown command.
You are too injured to fight recklessly!
You feel much better. Grinder hits you.
You hit Grinder. You headbutt Grinder, but do no damage.
Grinder is moderately wounded.
You block Grinder's attack.
You closely miss Grinder. Your headbutt misses Grinder.
Grinder is moderately wounded.
Grinder hits you!
You writhe in agony.
Grinder hits you.
* * * LOW HITPOINT WARNING * * *
You writhe in agony.
* * * LOW HITPOINT WARNING * * *
You closely miss Grinder.
Grinder is moderately wounded.
Grinder gestures at you.
You suddenly lose the ability to move!
Grinder hits you!
You die...

#≈...≈# #≈...≈#
#~...≈# #≈...≈#
#≈...≈# #~.).≈#
##'''##
##.....#########
#..⌠.⌠@.#~≈≈~≈≈##
+.....5.'.......###
+.⌠._.⌠.'...)....∩#
+.......'.)))..[###
#...⌠...#≈≈≈≈≈≈##
###))÷##########
####'#############
≈≈≈#...#≈≈≈≈~≈#≈≈≈#
~~.≈....÷)~~~..~≈.~≈#


You could see Grinder.

Vanquished Creatures
  2 kobold brigands (Sewer)
  4 shadow imps (Sewer)
  2 ufetubi (Sewer)
  5 bats
  4 endoplasms
  4 giant cockroaches
  2 goblins
  2 hobgoblins (D:1)
  8 jackals
  2 quokkas (D:1)
  5 ball pythons
  A frilled lizard (D:1)
  17 kobolds
  A kobold zombie (Sewer)
  5 rats
64 creatures vanquished.

Notes
Turn   | Place    | Note
-------+----------+-------------------------------------------
     0 | D:1      | SensoryNuts the Minotaur Fighter began the quest for the
                  | Orb.
     0 | D:1      | Reached XP level 1. HP: 19/19 MP: 0/0
    43 | D:1      | Reached XP level 2. HP: 12/27 MP: 1/1
   835 | D:1      | Reached XP level 3. HP: 33/33 MP: 2/2
  1096 | D:2      | Found a faded altar of an unknown god.
  1433 | D:2      | Reached skill level 3 in Axes
  1670 | D:3      | Found a glowing drain.
  1684 | Sewer    | Entered a sewer
  1870 | Sewer    | Reached XP level 4. HP: 41/41 MP: 3/3
  1977 | Sewer    | Found an ancient bone altar of Kikubaaqudgha.
  1977 | Sewer    | Noticed a kobold brigand
  1985 | Sewer    | Killed a kobold brigand
  1986 | Sewer    | Reached skill level 4 in Axes
  1986 | Sewer    | Reached XP level 5. HP: 30/47 MP: 4/4
  2173 | Sewer    | Reached skill level 5 in Axes
  2244 | Sewer    | Noticed Grinder
  2257 | Sewer    | Paralysed by Grinder for 3 turns
  2258 | Sewer    | Slain by Grinder

Illustrated notes

Levels and vault maps discovered:
D:1:      nzn_arrival_crosshair, layout_basic, minmay_door_square
D:2:      layout_basic, hellmonk_ecumenical_altar_heavens_door
D:3:      layout_loops_ring, cheibrodos_sewer_entry_drain, minmay_pentomino_pile
Sewer:    kennysheep_sewer_church

Skill      XL: |  1  2  3  4  5 |
---------------+----------------+-----
Fighting       | 4 |  4.9
Armour         | 4 |  4.6
Axes           | 3 4 5 |  5.1
Shields        | 4 |  4.5
Dodging        | |  0.9

Action                   |  1- 3 |  4- 6 || total
-------------------------+-------+-------++-------
Melee: War axe           |    65 |    38 ||   103
       Headbutt          |     6 |    10 ||    16
  Use: Potion            |     3 |     2 ||     5
       Scroll            |     2 |       ||     2
Armor: Scale mail        |    30 |    20 ||    50
Dodge: Dodged            |    36 |    16 ||    52
Block: Buckler           |     9 |       ||     9
       Kite shield       |    17 |    23 ||    40

Table legend: (Time is in decaauts)
 A = Elapsed time spent in this place.
 B = Non-inter-level travel time spent in this place.
 C = Inter-level travel time spent in this place.
 D = Time resting spent in this place.
 E = Time spent auto-exploring this place.
 F = Levels seen in this place.
 G = Mean time per level.
                   A        B        C        D        E       F      G
               +--------+--------+--------+--------+--------+-----+--------+
         Total |   2306 |   2200 |    106 |     39 |   1834 |   4 |  576.5 |
       Dungeon |   1708 |   1602 |    106 |     39 |   1353 |   3 |  569.3 |
         Sewer |    598 |    598 |      0 |      0 |    481 |   1 |  598.0 |
               +--------+--------+--------+--------+--------+-----+--------+

Top non-repeatable levels by time:
     D:1: 927 daAuts
     D:2: 763 daAuts
   Sewer: 598 daAuts
     D:3: 17 daAuts
